Map: Cactus Valley LE (Void)

Players

Railgan - Winner!

  • Race: Zerg Zerg
  • League: Grandmaster
  • Spawn Location: 5:00

Lisandro

  • Race: Protoss Protoss
  • League: Master
  • Spawn Location: 7:00

VOD

Have the link to the VOD?

Description

Time

  • Played on: March 13, 2017, 5:57 p.m.
  • Length: 11:07
Show
View Real Time Build Order
Export as new Build Order

Railgan Zerg - Winner!

Build Orders: Hatch First, Swarm Host 

Get SALT Encoding   

  12  0:01  Drone  
  13  0:12  Overlord  
  13  0:18  Drone  
  14  0:30  Drone  
  14  0:31  Drone  
  14  0:34  Drone  
  17  0:52  Hatchery  
  17  0:55  Drone  
  17  0:57  Drone  
  18  1:08  Extractor  
  17  1:13  Spawning Pool  
  17  1:17  Drone  
  17  1:19  Drone  
  18  1:28  Drone  
  19  1:40  Overlord  
  19  1:56  Drone  
  19  2:00  Queen  
  22  2:01  Zergling x2  
  22  2:04  Queen  
  22  2:05  Zergling x2  
  26  2:11  Drone  
  27  2:16  Drone, Metabolic Boost  
  27  2:22  Drone  
  29  2:26  Drone  
  30  2:37  Overlord  
  30  2:39  Drone, Queen  
  30  2:43  Queen  
  35  2:53  Evolution Chamber, Drone  
  35  2:54  Drone  
  36  2:59  Zergling x4  
  38  3:05  Zergling x2  
  38  3:11  Zergling x2  
  40  3:15  Drone x4  
  41  3:20  Drone x2  
  41  3:26  Drone  
  43  3:29  Overlord  
  43  3:35  Zerg Melee Weapons Level 1  
  43  3:48  Drone x4  
  47  3:50  Spore Crawler  
  47  3:53  Spore Crawler  
  47  3:55  Lair  
  45  4:03  Drone x3  
  45  4:08  Zergling x6  
  51  4:12  Zergling x2  
  48  4:17  Drone  
  48  4:21  Extractor  
  48  4:23  Extractor  
  47  4:24  Roach Warren  
  47  4:27  Drone  
  47  4:28  Drone x3  
  47  4:30  Extractor  
  49  4:34  Drone  
  49  4:35  Drone x2  
  52  4:45  Overlord  
  52  4:49  Overlord x2  
  50  4:57  Hatchery  
  48  5:05  Drone x2  
  48  5:06  Infestation Pit  
  49  5:07  Drone x3  
  49  5:09  Roach  
  49  5:12  Roach  
  49  5:13  Roach  
  58  5:16  Glial Reconstitution  
  58  5:27  Roach  
  58  5:28  Roach x2  
  64  5:41  Roach x4  
  72  5:45  Drone x2  
  74  5:50  Overlord  
  74  5:58  Roach  
  74  5:59  Overlord x2  
  75  6:04  Overseer  
  75  6:08  Overlord  
  75  6:09  Roach x4  
  83  6:19  Roach  
  83  6:24  Roach  
  83  6:25  Roach x5  
  97  6:28  Zergling x2  
  98  6:37  Queen  
  100  6:40  Zerg Missile Weapons Level 1  
  100  6:41  Zergling x4  
  100  6:42  Zergling x2  
  100  6:43  Drone  
  104  6:53  Overlord  
  98  7:04  Swarm Host x5  
  98  7:06  Overlord x2  
  113  7:15  Overlord  
  113  7:18  Overlord  
  113  7:21  Hydralisk Den  
  112  7:29  Swarm Host x3  
  115  7:35  Swarm Host  
  123  7:38  Drone  
  123  7:39  Drone x5  
  129  7:44  Zergling x4  
  129  7:51  Zergling x2  
  132  7:57  Roach  
  130  8:12  Zergling x14  
  128  8:22  Drone x3  
  128  8:23  Drone  
  128  8:25  Drone  
  131  8:32  Drone  
  132  8:44  Swarm Host  
  132  8:45  Swarm Host x3  
  144  8:52  Overlord  
  130  9:04  Zergling x10  
  129  9:14  Zergling x4  
  129  9:16  Swarm Host x2  
  137  9:19  Queen  
  137  9:20  Swarm Host  
  140  9:26  Roach  
  142  9:33  Swarm Host x2  
  145  9:42  Swarm Host x3  
  145  9:52  Zergling x6  
  136  9:59  Swarm Host  
  125  10:00  Swarm Host x5  
  125  10:03  Zergling x2  
  125  10:04  Zergling x2  
  143  10:13  Overlord x2  
  143  10:14  Overlord  
  143  10:22  Baneling Nest  
  143  10:25  Hatchery  
  138  10:34  Swarm Host x3  
  143  10:38  Roach, Zergling x2  
  143  10:39  Zergling x10  
  157  10:49  Zergling x6  
Show
View Real Time Build Order
Export as new Build Order

Lisandro Protoss 

Build Orders: 1 Gate Expand, Oracle Opening 

Get SALT Encoding   

  12  0:01  Probe (Chrono Boost)  
  13  0:12  Probe (Chrono Boost)  
  14  0:21  Pylon  
  14  0:22  Probe (Chrono Boost)  
  15  0:39  Gateway, Probe (Chrono Boost)  
  16  0:49  Probe (Chrono Boost)  
  17  0:51  Assimilator  
  17  1:00  Probe (Chrono Boost)  
  18  1:11  Probe (Chrono Boost)  
  19  1:23  Nexus  
  19  1:33  Cybernetics Core  
  19  1:36  Probe (Chrono Boost)  
  20  1:41  Assimilator  
  21  1:47  Probe (Chrono Boost)  
  21  1:51  Pylon  
  21  1:57  Probe (Chrono Boost)  
  22  2:07  Adept  
  23  2:09  Probe (Chrono Boost)  
  23  2:13  Warp Gate  
  25  2:21  Probe (Chrono Boost)  
  25  2:31  Adept  
  25  2:33  Probe (Chrono Boost)  
  25  2:35  Probe (Chrono Boost)  
  29  2:39  Stargate  
  30  2:45  Probe (Chrono Boost)  
  30  2:46  Probe (Chrono Boost)  
  31  2:56  Probe (Chrono Boost)  
  31  2:57  Probe (Chrono Boost)  
  33  3:07  Probe (Chrono Boost)  
  33  3:09  Probe (Chrono Boost)  
  35  3:18  Probe (Chrono Boost)  
  37  3:21  Probe (Chrono Boost)  
  37  3:22  Oracle  
  37  3:24  Adept  
  40  3:29  Probe (Chrono Boost)  
  40  3:31  Probe (Chrono Boost)  
  42  3:36  Twilight Council  
  42  3:38  Gateway  
  43  3:42  Gateway, Probe (Chrono Boost)  
  43  3:44  Pylon  
  43  3:48  Probe (Chrono Boost)  
  44  3:54  Mothership Core (Chrono Boost)  
  46  3:59  Pylon  
  47  4:03  Probe (Chrono Boost)  
  47  4:12  Probe (Chrono Boost)  
  45  4:21  Probe (Chrono Boost), Resonating Glaives  
  46  4:26  Probe (Chrono Boost)  
  46  4:31  Stalker  
  49  4:35  Probe (Chrono Boost)  
  50  4:38  Nexus  
  50  4:39  Pylon, Probe (Chrono Boost)  
  50  4:45  Probe (Chrono Boost)  
  51  4:46  Adept x2  
  51  4:50  Probe (Chrono Boost)  
  56  4:53  Pylon  
  56  4:56  Probe (Chrono Boost)  
  57  5:03  Adept  
  57  5:04  Pylon  
  57  5:06  Pylon  
  60  5:07  Probe (Chrono Boost)  
  60  5:08  Probe (Chrono Boost)  
  61  5:18  Gateway  
  61  5:19  Probe (Chrono Boost)  
  61  5:20  Gateway  
  62  5:27  Gateway  
  62  5:30  Gateway  
  62  5:31  Gateway  
  62  5:35  Adept  
  62  5:39  Pylon  
  64  5:43  Pylon, Adept x2  
  68  5:52  Probe (Chrono Boost)  
  68  5:53  Probe x2 (Chrono Boost)  
  68  5:54  Assimilator  
  71  5:58  Adept, Assimilator  
  71  6:02  Gateway  
  73  6:06  Adept x2  
  77  6:14  Void Ray  
  78  6:21  Probe x2 (Chrono Boost)  
  78  6:22  Probe (Chrono Boost)  
  79  6:31  Probe (Chrono Boost)  
  82  6:33  Probe (Chrono Boost)  
  82  6:34  Probe (Chrono Boost)  
  82  6:36  Adept x2  
  82  6:37  Adept x3  
  82  6:39  Adept  
  94  6:42  Probe (Chrono Boost)  
  94  6:45  Probe (Chrono Boost)  
  94  6:46  Probe (Chrono Boost)  
  97  6:51  Adept x2  
  97  6:57  Adept  
  97  6:58  Adept x2  
  99  7:03  Probe (Chrono Boost)  
  99  7:07  Probe (Chrono Boost)  
  101  7:08  Robotics Facility  
  101  7:12  Charge  
  101  7:17  Pylon  
  101  7:21  Pylon  
  101  7:25  Forge  
  101  7:32  Assimilator  
  101  7:34  Pylon  
  101  7:35  Probe (Chrono Boost)  
  104  7:37  Probe x2 (Chrono Boost)  
  104  7:39  Sentry  
  104  7:40  Zealot x2, Assimilator  
  108  7:46  Robotics Facility, Probe (Chrono Boost)  
  108  7:47  Protoss Ground Weapons Level 1  
  108  7:49  Probe x2 (Chrono Boost)  
  111  7:52  Zealot x4  
  119  7:59  Zealot  
  117  8:07  Probe x2 (Chrono Boost)  
  117  8:08  Probe (Chrono Boost)  
  105  8:18  Probe (Chrono Boost)  
  105  8:19  Probe (Chrono Boost)  
  104  8:20  Probe (Chrono Boost)  
  104  8:21  Immortal  
  104  8:23  Zealot x4  
  106  8:30  Probe (Chrono Boost)  
  106  8:31  Templar Archives, Probe (Chrono Boost)  
  106  8:32  Probe (Chrono Boost)  
  106  8:33  Pylon  
  101  8:36  Zealot  
  101  8:37  Zealot  
  106  8:42  Zealot x2, Probe (Chrono Boost)  
  106  8:43  Probe (Chrono Boost)  
  111  8:55  Zealot x4  
  107  8:56  Immortal  
  107  8:57  Zealot  
  103  9:03  Zealot x2  
  103  9:07  Zealot  
  101  9:17  Zealot x3  
  101  9:19  Zealot, Mothership Core (Chrono Boost)  
  101  9:24  High Templar x2  
  113  9:27  High Templar x2  
  113  9:28  Archon  
  117  9:32  Archon  
  117  9:35  Probe (Chrono Boost)  
  117  9:37  Probe (Chrono Boost)  
  107  9:43  Zealot x3  
  107  9:44  Zealot  
  107  9:45  Immortal  
  90  9:46  Probe (Chrono Boost)  
  90  9:49  Probe (Chrono Boost)  
  91  9:59  Probe (Chrono Boost)  
  93  10:00  Probe (Chrono Boost), High Templar x2  
  93  10:01  High Templar x2  
  94  10:08  Probe (Chrono Boost)  
  94  10:11  Probe (Chrono Boost)  
  94  10:12  Probe (Chrono Boost), Archon  
  96  10:15  Archon  
  96  10:16  High Templar x2  
  96  10:19  Zealot x2, Immortal  
  96  10:21  Archon  
  94  10:37  Zealot x3  
  94  10:41  Zealot x2  
  98  10:54  Zealot x3  
Tags
 
Add a new tag
Caveats
  • Supply blocks, unpowered buildings, or Contaminate may cause inaccurate times.
  • Supply counts are checked every 10 seconds.